 Dungeon Crawl Stone Soup version 0.31.0-9-g3a7656b989 (webtiles) character file.

Game seed: 10909276551477003106

53 qw the Shooter (level 3, -11/18 HPs)
             Began as a Spriggan Hunter on Feb 2, 2024.
             Killed by nerve-wracking pain
             ... invoked by an orc priest
              (14 damage)
             ... on level 2 of the Dungeon.
             The game lasted 00:00:03 (1023 turns).

qw the Shooter (Spriggan Hunter)                    Turns: 1023, Time: 00:00:03

Health: -11/18     AC:  2    Str:  7    XL:     3   Next: 62%
Magic:  4/4        EV: 19    Int: 10    God:
Gold:   79         SH:  0    Dex: 20    Spells: 2/2 levels left

rFire   . . .        a - +0 shortbow
rCold   . . .        (shield currently unavailable)
rNeg    . . .        c - +0 robe
rPois   .            (helmet restricted)
rElec   .            (no cloak)
rCorr   .            (gloves unavailable)
SInv    +            (boots unavailable)
Will    .....        (no amulet)
Stlth   ++           (no ring)
HPRegen 0.23/turn    (no ring)
MPRegen 0.09/turn

%: no passive effects
@: very quick
A: very small, no large weapons, unfitting armour, see invisible, speed 3
a: no special abilities


You were on level 2 of the Dungeon.
You visited 1 branch of the dungeon, and saw 2 of its levels.

You collected 79 gold pieces.


Innate Abilities, Weirdness & Mutations

You are very small and have problems with some larger weapons.
You are too small for most types of armour.
You have supernaturally acute eyesight. (SInv)
You cover ground extremely quickly. (Speed+++)


   Skills:
 - Level 1.5 Fighting
 + Level 4.8 Ranged Weapons
 - Level 4.1 Dodging
 - Level 1.5 Stealth


You had 2 spell levels left.
You didn't know any spells.
Your spell library was empty.

Inventory:

Hand Weapons
 a - a +0 shortbow (weapon)
Armour
 c - a +0 robe (worn)
Jewellery
 e - a ring of magical power
 f - a +6 ring of intelligence
 m - a ring of ice
Scrolls
 b - a scroll of fog {unknown}
 d - a scroll of brand weapon {unknown}
 g - a scroll of amnesia {unknown}
Potions
 j - a potion of curing {unknown}
 k - a potion of invisibility {unknown}
 n - a potion of might {unknown}

Dungeon Overview and Level Annotations

Branches:
Dungeon (2/15)

Altars:


Message History

The orc shouts!
You shoot an arrow. The arrow barely misses the orc.
The orc shouts! x2
You shoot an arrow. The arrow barely misses the orc.
The orc hits you with a +0 whip.
An orc priest comes into view. It is wielding a +0 hand axe.
You shoot an arrow. The arrow hits the orc!
You kill the orc!
The orc hits you with a +1 hand axe of flaming.
The orc burns you.
You shoot an arrow.
The arrow hits the orc but does no damage.
The orc hits you with a +1 hand axe of flaming.
The orc burns you.
You shoot an arrow. The arrow hits the orc.
The orc is moderately wounded.
The orc completely misses you.
You shoot an arrow. The arrow hits the orc!
You kill the orc!
You shoot an arrow. The arrow hits the orc.
The orc is heavily wounded.
You shoot an arrow. The arrow hits the orc.
The orc is severely wounded.
The orc closely misses you.
The orc priest calls upon Beogh to heal the orc.
The orc's wounds heal themselves!
You shoot an arrow. The arrow hits the orc priest.
The orc priest is moderately wounded.
The orc barely misses you. The orc priest completely misses you.
You shoot an arrow. The arrow hits the orc priest.
The orc priest is moderately wounded.
The orc closely misses you.
The orc priest miscasts a cantrip.
The orc barely misses you.
The orc priest hits you with a +0 hand axe.
You shoot an arrow. The arrow barely misses the orc priest.
The orc priest calls down the wrath of Beogh upon you.
Pain shoots through your body!
Ouch! That really hurt!
You die...

### #.. ##.# ##.# ##
##.# .. .. ##.##.#
#. [..##.##.# #.
##.......# ####o####
##.##.#### #...o@..#
##.##.# #.##.##.#
##....# #.##. #.#
......#### #.... #.#
####.....###..####.#
###....)#......##.#
#.......# #....)..#
#.#.[...# ##.#.####
##.#.....#.##.#.#


You could see an orc priest and an orc.

Vanquished Creatures
  2 gnolls (D:1)
  A dart slug (D:1)
  2 orcs (D:2)
  2 bats (D:1)
  An endoplasm (D:2)
  A goblin (D:1)
  5 hobgoblins (D:1)
  A ball python (D:2)
  A frilled lizard (D:2)
  10 kobolds
  2 rats (D:1)
28 creatures vanquished.

Notes
Turn   | Place    | Note
-------+----------+-------------------------------------------
     0 | D:1      | qw the Spriggan Hunter began the quest for the Orb.
     0 | D:1      | Reached XP level 1. HP: 10/10 MP: 2/2
     0 | D:1      | 0 ||| qw: Version: 0.3-a-155-g5e7d8dd
     0 | D:1      | 0 ||| qw: Game counter: 2564
     0 | D:1      | 0 ||| qw: Melee chars always use a shield: true
     0 | D:1      | 0 ||| qw: God list: Okawaru
     0 | D:1      | 0 ||| qw: Allow faded altars: false
     0 | D:1      | 0 ||| qw: Do Orc after clearing Dungeon:15 true
     0 | D:1      | 0 ||| qw: Do second Lair branch before Depths: true
     0 | D:1      | 0 ||| qw: Lair rune preference: random
     0 | D:1      | 0 ||| qw: Goals: Normal
     0 | D:1      | 0 ||| PLANNING D:1-11
    42 | D:1      | Reached skill level 3 in Dodging
    72 | D:1      | Reached XP level 2. HP: 14/14 MP: 3/3
   349 | D:1      | Found a faded altar of an unknown god.
   442 | D:1      | Reached XP level 3. HP: 18/18 MP: 4/4
   665 | D:1      | 665 ||| READING 2 scrolls labelled XARPHA LASA.
   766 | D:1      | 766 ||| READING 3 scrolls labelled YZEDEEMAENG.
   766 | D:1      | 766 ||| IDENTIFYING inky potion
   767 | D:1      | 767 ||| READING 2 scrolls of identify.
   767 | D:1      | 767 ||| IDENTIFYING lumpy emerald potion
   768 | D:1      | 768 ||| READING scroll of identify.
   768 | D:1      | 768 ||| IDENTIFYING metallic coppery potion
   769 | D:1      | 769 ||| READING 2 scrolls labelled QASYEQ RANITSI.
   770 | D:1      | 770 ||| READING scroll labelled NOC US QYEPHAEH.
   804 | D:1      | 804 ||| DROPPING scroll of butterflies.
   805 | D:1      | 805 ||| DROPPING scroll of vulnerability.
   806 | D:1      | 806 ||| DROPPING scroll of revelation.
   807 | D:1      | 807 ||| DROPPING potion of degeneration.
   808 | D:1      | 808 ||| DROPPING potion of attraction.
   809 | D:1      | 809 ||| DROPPING potion of berserk rage.
  1016 | D:2      | HP: 4/18 [orc/+1 hand axe of flaming (1)]
  1022 | D:2      | HP: 3/18 [orc priest/+0 hand axe (3)]
  1023 | D:2      | Killed from afar by an orc priest

Levels and vault maps discovered:
D:1:      psy_arrival_basics, layout_basic, shapermc_ecumenical_altar_ellora,
          serial_bayou_pond_a, hangedman_decor_riveting
D:2:      layout_loops_cross, basic_altar, uniq_terence

Skill      XL: |  1  2 |
---------------+-------+-----
Dodging        | 3 4 |  4.1
Fighting       | |  1.5
Ranged Weapons | |  4.8
Stealth        | |  1.5

Action                     || total
---------------------------++-------
   Fire: Shortbow          ||    69
    Use: Scroll            ||     6
 Armour: Robe              ||     7
  Dodge: Dodged            ||    20

Table legend:
 A = Non-vault XP
 B = Vault XP
 C = Vault XP percentage of total XP
 D = Non-vault monster count
 E = Vault monster count
 F = Vault count percentage of total count
                 A         B        C        D         E       F
            +---------+---------+-------+---------+---------+-------
      Total |      76 |       0 |   0.0 |      28 |       0 |   0.0
            +---------+---------+-------+---------+---------+-------
        D:1 |      59 |       0 |   0.0 |      19 |       0 |   0.0
        D:2 |      17 |       0 |   0.0 |       9 |       0 |   0.0
            +---------+---------+-------+---------+---------+-------
